 Dungeon Crawl Stone Soup version 0.27-a0-686-gaed091b46b (webtiles) character file.

Game seed: 4817922101038071781

5 jasper the Sneak (level 1, 0/18 HPs)
             Began as a Demonspawn Delver on Mar 21, 2021.
             Was an Initiate of Dithmenos.
             Slain by an orc
             ... wielding a +0 trident
              (5 damage)
             ... on level 4 of the Dungeon.
             The game lasted 00:00:43 (569 turns).

jasper the Sneak (Demonspawn Delver)                 Turns: 569, Time: 00:00:44

Health: 0/18       AC:  4    Str: 12    XL:     1   Next: 66%
Magic:  1/1        EV: 11    Int: 11    God:    Dithmenos [......]
Gold:   56         SH:  0    Dex: 14    Spells: 0/0 levels left

rFire    . . .     SeeInvis .   a - +0 hand axe
rCold    . . .     Faith    .   (no shield)
rNeg     . . .     Spirit   .   b - +0 leather armour
rPois    .         Reflect  .   (no helmet)
rElec    .         Harm     .   (no cloak)
rCorr    .         Rampage  .   (no gloves)
Will     .....                  i - +0 pair of boots
Stlth    ++........             (no amulet)
HPRegen  0.06/turn              (no ring)
MPRegen  0.07/turn              (no ring)

@: no status effects
A: no striking features
a: Renounce Religion


You were on level 4 of the Dungeon.
You worshipped Dithmenos.
Dithmenos was noncommittal.
You visited 1 branch of the dungeon, and saw 2 of its levels.

You collected 56 gold pieces.

Inventory:

Hand Weapons
 a - a +0 hand axe (weapon)
Armour
 b - a +0 leather armour (worn)
 i - a +0 pair of boots (worn)
Wands
 g - a wand of digging (3)
 h - a wand of flame (12)
Scrolls
 c - a scroll of fog
 d - a scroll of magic mapping
 e - a scroll of fear
Potions
 f - a potion of haste


   Skills:
 + Level 3.2 Fighting
 - Level 2.0 Axes
 - Level 1.7 Dodging
 - Level 4.5 Stealth


You couldn't memorise any spells.
You didn't know any spells.
Your spell library was empty.

Dungeon Overview and Level Annotations

Branches:
Dungeon (5/15)
 Temple: D:4-7

Altars:
Dithmenos

Annotations:
D:4 Robin


Message History

Dithmenos accepts your kill.
You start resting.
HP restored.
Health restored: 18
There is a stone staircase leading up here.
You climb upwards.
Level annotation: Robin
Found a pair of boots.
There is a stone staircase leading down here.
You see here a +0 pair of boots.
i - a +0 pair of boots You start putting on your armour.
You continue putting on your +0 pair of boots. x4
You finish putting on your +0 pair of boots.
Found 8 gold pieces.
You enter the shallow water.
Moving in this stuff is going to be slow.
Found 7 gold pieces.
Found an escape hatch in the floor.
You now have 42 gold pieces (gained 7).
A jackal skeleton comes into view.
Found 14 gold pieces.
The jackal skeleton barely misses you. The jackal skeleton misses you.
You slash the jackal skeleton!
You destroy the jackal skeleton!
Dithmenos accepts your kill. 3 orcs come into view.
The orc shouts! x2
The orc shouts!
Found a bubbling cyan potion.
You see here 14 gold pieces.
You now have 56 gold pieces (gained 14).
The orc closely misses you. The orc hits you with a +0 trident.
The orc hits you with a +0 whip.
You take 7 damage, and have 11/18 hp.
MASSIVE DAMAGE!!
You hit the orc but do no damage. You barely miss the orc.
The orc closely misses you. The orc hits you with a +0 whip.
* * * LOW HITPOINT WARNING * * *
The orc hits you with a +0 trident.
You die...

#. ## #. !. #. ..#
+..... #. #.# #....# #
#. #.# #....##### #
#.##.# #....##...
###.#....# #....#....
#........# #....#.>..
#.#.#.o@.+#####....#....
# #.#oo..........#....
#.#............#....
#.#.#........###....
#.#.#........# #....
#.#.#........###....
#.#.#...........####
#.#+########### #. ≈


You could see 3 orcs.

Vanquished Creatures
  An orc (D:5)
  A hobgoblin (D:5)
  A quokka (D:5)
  A jackal skeleton (D:4)
4 creatures vanquished.

Notes
Turn   | Place    | Note
-------+----------+-------------------------------------------
     0 | D:5      | jasper the Demonspawn Delver began the quest for the Orb.
     0 | D:5      | Reached XP level 1. HP: 18/18 MP: 1/1
     1 | D:5      | Found a shadowy altar of Dithmenos.
    14 | D:5      | Became a worshipper of Dithmenos the Shadowed
   288 | D:4      | Noticed Robin
   569 | D:4      | Slain by an orc

Illustrated notes

Levels and vault maps discovered:
D:4:      layout_basic, serial_rivers, chequers_serial_rivers_large_a,
          chequers_serial_rivers_small_3, chequers_serial_rivers_marsh,
          chequers_serial_rivers_room_a, uniq_robin, uniq_edmund
D:5:      layout_basic, demons_altar, nicolae_dithmenos_through_a_glass_darkly,
          gammafunk_temple_overflow_statue, dk_vineyard_2

Skill      XL: |  1 |
---------------+----+-----
Axes           | 2 |  2.0
Fighting       | |  3.2
Dodging        | |  1.7
Stealth        | |  4.5

Action                   || total
-------------------------++-------
Melee: Hand axe          ||    13
Armor: Leather armour    ||     1
Dodge: Dodged            ||    10

Table legend: (Time is in decaauts)
 A = Elapsed time spent in this place.
 B = Non-inter-level travel time spent in this place.
 C = Inter-level travel time spent in this place.
 D = Time resting spent in this place.
 E = Time spent auto-exploring this place.
 F = Levels seen in this place.
 G = Mean time per level.
                   A        B        C        D        E       F      G
               +--------+--------+--------+--------+--------+-----+--------+
         Total |    574 |    547 |     27 |    210 |    239 |   2 |  287.0 |
       Dungeon |    574 |    547 |     27 |    210 |    239 |   2 |  287.0 |
               +--------+--------+--------+--------+--------+-----+--------+

Top non-repeatable levels by time:
     D:5: 516 daAuts
     D:4: 57 daAuts
